 Dungeon Crawl Stone Soup version 0.19-a0-461-gaf2d98a (webtiles) character file.

682106 Loup the Hoplite (level 27, -28/188 HPs)
             Began as a Gargoyle Fighter on June 2, 2016.
             Was the Champion of Okawaru.
             Blown up by an ancient lich (84 damage)
             ... with an orb of destruction
             ... on level 5 of the Realm of Zot.
             The game lasted 06:48:31 (79310 turns).

Loup the Hoplite (Gargoyle Fighter)                Turns: 79310, Time: 06:48:32

Health: -28/188    AC: 63    Str: 28    XL:     27
Magic:  35/35      EV: 16    Int:  7    God:    Okawaru [******]
Gold:   6171       SH: 20    Dex: 18    Spells: 5 memorised, 5 levels left

rFire  + + .     SeeInvis +     a - +9 eveningstar (freeze)
rCold  + + .     Gourm    .     X - +8 crystal plate armour
rNeg   + + +     Faith    .     G - +1 shield {reflect}
rPois  ∞         Spirit   .     k - +2 hat {MR+}
rElec  +         Dismiss  .     j - +2 cloak "Jacuk" {rN+ Int-2 SInv}
rCorr  .         Reflect  +     l - +2 pair of gloves {Str+3}
SustAt .         Harm     .     Z - +1 pair of boots {run}
MR     ++...                    z - amulet "Zyekhlom" {RegenMP rC++ rN++ Stlth-}
Stlth  ..........               O - ring "Ypehouph" {+Blink rF+ rN+ MR-}
                                y - ring "Hunopp" {rF+ rN+ Int+3 Slay+2}

@: flying, studying Air Magic, quick, very resistant to hostile enchantments,
extremely unstealthy
A: big wings, deformed body, deterioration 1, dopey 1, negative energy
resistance 1, electricity resistance, unbreathing, petrification resistance, rot
immunity, AC +20
a: Stop Flying, Heroism, Finesse, Renounce Religion, Evoke Blink
}: 3/15 runes: serpentine, barnacled, silver


You were on level 5 of the Realm of Zot.
You worshipped Okawaru.
Okawaru was exalted by your worship.
You were not hungry.

You visited 11 branches of the dungeon, and saw 53 of its levels.
You visited the Abyss 2 times.
You visited 1 bazaar.
You also visited: Labyrinth and Ice Cave.

You collected 9174 gold pieces.
You spent 3003 gold pieces at shops.

Inventory:

Hand Weapons
 a - a +9 eveningstar of freezing (weapon)
Missiles
 p - 57 tomahawks (quivered)
 x - 27 javelins
 L - 15 tomahawks of returning
Armour
 j - the +2 cloak "Jacuk" (worn) {rN+ Int-2 SInv}
   (Okawaru gifted it to you on level 1 of the Elven Halls)

   It affects your intelligence (-2).
   It protects you from negative energy.
   It lets you see invisible.
 k - a +2 hat of magic resistance (worn)
 l - a +2 pair of gloves of strength (worn)
 G - a +1 shield of reflection (worn)
 X - a +8 crystal plate armour (worn)
 Z - a +1 pair of boots of running (worn)
Rods
 b - a +9 rod of clouds (17/17)
   (You bought it in a shop on level 2 of the Orcish Mines)
Jewellery
 y - the ring "Hunopp" (left hand) {rF+ rN+ Int+3 Slay+2}
   (You took it off an ogre mage on level 5 of the Vaults)

   [ring of positive energy]

   It affects your intelligence (+3).
   It affects your accuracy and damage with ranged weapons and melee attacks
   (+2).
   It protects you from fire.
   It protects you from negative energy.
 z - the amulet "Zyekhlom" (around neck) {RegenMP rC++ rN++ Stlth-}
   (You bought it in a shop on level 1 of the Vaults)

   [amulet of magic regeneration]

   It increases your magic regeneration.
   It greatly protects you from cold.
   It greatly protects you from negative energy.
   It makes you less stealthy.
 O - the ring "Ypehouph" (right hand) {+Blink rF+ rN+ MR-}
   (You found it on level 2 of the Snake Pit)

   [ring of protection from fire]

   It protects you from fire.
   It protects you from negative energy.
   It affects your resistance to hostile enchantments.
   It lets you blink.
Wands
 m - a wand of heal wounds (1/9)
 P - a wand of teleportation (5/9)
 S - a wand of teleportation (3/9)
 T - a wand of digging (15/24)
Scrolls
 c - 6 scrolls of fog
 e - 3 scrolls of magic mapping
 h - a scroll of brand weapon
 n - 24 scrolls of remove curse
 o - 7 scrolls of identify
 q - 4 scrolls of recharging
 r - 6 scrolls of amnesia
 s - a scroll of enchant weapon
 t - 13 scrolls of teleportation
 v - 9 scrolls of blinking
 B - a scroll of enchant armour
 K - 5 scrolls of silence
 N - 2 scrolls of holy word
 V - 2 scrolls of immolation
 Y - 8 scrolls of fear
Potions
 g - 6 potions of invisibility
 u - 13 potions of curing
 w - a potion of berserk rage
 A - a potion of ambrosia
 C - 7 potions of haste
 D - 13 potions of might
 F - 10 potions of agility
 Q - 4 potions of cancellation
 R - 2 potions of brilliance
Books
 M - a manual of Air Magic
Comestibles
 f - 8 bread rations
 i - 15 meat rations
 H - 5 beef jerkies
 J - 21 fruits


   Skills:
 - Level 23.3 Fighting
 - Level 16.0 Maces & Flails
 - Level 17.0 Throwing
 - Level 23.1 Armour
 - Level 15.4 Dodging
 + Level 24.3 Shields
 - Level 1.2 Charms
 - Level 1.7 Air Magic
 - Level 7.0 Invocations
 - Level 16.0 Evocations


You had 5 spell levels left.
You knew the following spells:

 Your Spells              Type           Power        Failure   Level  Hunger
a - Summon Butterflies    Summ           #.......     100%        1    ##.....
b - Aura of Abjuration    Summ           #.........   100%        5    ######.
c - Haste                 Chrm           #.......     100%        6    #######
d - Deflect Missiles      Chrm/Air       #.........   100%        6    #######
e - Regeneration          Chrm/Necr      #.........   100%        3    ####...


Dungeon Overview and Level Annotations

Branches:
Dungeon (15/15)            Temple (1/1) D:5            Lair (8/8) D:8
 Shoals (4/4) Lair:4        Snake (4/4) Lair:5        Slime (1/6) Lair:7
    Orc (2/2) D:10            Elf (3/3) Orc:2        Vaults (5/5) D:14
  Crypt (0/3) Vaults:2     Depths (5/5) D:15            Zot (5/5) Depths:5

Altars:
Ashenzari
Cheibriados
Dithmenos
Elyvilon
Fedhas
Gozag
Hepliaklqana
Kikubaaqudgha
Makhleb
Nemelex Xobeh
Okawaru
Pakellas
Qazlal
Ru
Sif Muna
Trog
Uskayaw
Vehumet
Xom
Yredelemnul
Zin
The Shining One
Beogh

Shops:
D:4 (   D:7 (:   D:10 *   Orc:2 ![}}*   Snake:3 *   Vaults:1 *   Vaults:2 [([
Depths:4 :

Portals:
Hell: Depths:1 Depths:2 Depths:3 Depths:4 Depths:5
Abyss: Depths:3 Depths:4
Pandemonium: Depths:3 Depths:5
Ziggurat: Depths:1

Annotations:
Lair:7 exclusion: oklob plant
Shoals:4 exclusion: Roxanne, Roxanne
Elf:2 3 runed doors
Depths:4 3 runed doors
Zot:5 1 exclusion


Innate Abilities, Weirdness & Mutations

You are resistant to torment.
Your stone body is resilient. (AC +20)
You are immune to poison.
Your large and strong wings let you fly indefinitely.
You resist negative energy. (rN+)
You are resistant to electric shocks. (rElec)
You can survive without breathing.
You are immune to petrification.
You are immune to rotting.
Armour fits poorly on your strangely shaped body.
Your body sometimes deteriorates upon taking damage.
You are dopey. (Int -2)


Message History

You hit the ancient lich.
The ancient lich is lightly damaged.
The ancient lich gestures at you while chanting.
You struggle to resist.
You hit the ancient lich.
The ancient lich is lightly damaged.
The ancient lich touches you but does no damage.
You hear a distant "Zot"!
You bludgeon the ancient lich!! You freeze the ancient lich.
The ancient lich is moderately damaged.
You block the ancient lich's attack.
The Killer Klown does a flip.
You sock the ancient lich!
The ancient lich is moderately damaged.
The ancient lich touches you but does no damage.
The Killer Klown defenestrates you but does no damage.
You impale the ancient lich!!
The ancient lich is heavily damaged.
The ancient lich completely misses you. The orb of destruction hits you!
You die...

***,,,,,,,,,,,,......,**
****,,,,,,,,,......**
#▓▓▓▓▓▓▓▓▓▓▓##.....▓*
###..)^)..............**
##[...##....[..(......(,**
###...###.§[..^.^........,,**
.....###.....^...........,,,*
....## #....[..(.L.......,,,*
....# #..§....p@^.......,,,*
.).## #...§§^^§.........,,,*
...# #.....§§.^........,,,*
...## #....^............,,,*
....# ##................,,**
....## ##...............,**
.....# ##..............**
######▓▓▓▓##############**
.......##..##..##..##..#


You could see a Killer Klown and an ancient lich.

Vanquished Creatures
  Tiamat (Zot:5)
  An orb of fire (Zot:5)
  Mara (D:15)
  7 ancient liches
  The ghost of hoot the Middleweight Champion, a master GrMo of Nemelex Xobeh (Vaults:5)
  Margery (Vaults:4)
  Vashnia (Snake:4)
  A Killer Klown (Zot:5)
  Saint Roka (Vaults:4)
  5 golden dragons
  the Enchantress (Depths:3)
  The ghost of wearedevo the Necromancer, an adept DDNe of Makhleb (Depths:1)
  7 bone dragons
  2 electric golems (Zot:5)
  Xtahua (Depths:5)
  Jorgrun (Shoals:4)
  12 tentacled monstrosities
  8 liches
  9 Orb Guardians (Zot:5)
  3 titans
  2 deep elf blademasters (Elf:3)
  A quicksilver dragon (Vaults:5)
  The ghost of edsrzf the Brawler, an adept DrTm of Cheibriados (Elf:3)
  An Executioner (Abyss:3)
  A kraken (Shoals:1)
  A deep elf master archer (Elf:3)
  3 sphinxes
  An ancient champion (Vaults:2)
  An acid blob (Slime:1)
  15 tentacled starspawn
  Polyphemus (Shoals:4)
  3 death cobs
  6 shadow dragons (Vaults:5)
  Kirke (Lair:5)
  A revenant (Abyss:3)
  8 storm dragons
  11 greater nagas
  Ilsuiw (Shoals:4)
  8 tengu reavers
  2 draconian monks
  10 frost giants
  21 vault wardens
  10 fire giants
  Maud (Lair:8)
  3 orc warlords
  2 deep elf sorcerers (Elf:3)
  Donald (Shoals:4)
  A draconian knight (Zot:4)
  Aizul (Elf:1)
  5 ghost moths
  Louise (Snake:1)
  3 cacodemons
  A draconian zealot (Zot:5)
  A draconian scorcher (Zot:5)
  3 deep elf elementalists (Elf:3)
  2 ghouls
  19 ironheart preservers
  4 draconian shifters
  4 draconian annihilators
  30 very ugly things
  A reaper (Abyss:3)
  30 stone giants
  An ophan (Abyss:3)
  The ghost of Senshi the Severer, a journeyman MiGl of Hepliaklqana (IceCv)
  3 spriggan defenders (Depths:3)
  7 vampire knights
  8 deep elf demonologists
  A draconian caller (Zot:5)
  7 green draconians
  4 mottled draconians
  A dire elephant (Lair:8)
  5 black draconians
  7 deep elf annihilators
  The ghost of Ryco the Severer, a journeyman DDBe of Trog (Lair:8)
  A lorocyproca (Abyss:3)
  9 spark wasps
  4 red draconians
  7 white draconians
  An eidolon (Abyss:3)
  7 purple draconians
  6 deep elf death magi
  5 yellow draconians
  14 ettins
  3 green deaths
  8 merfolk javelineers
  12 fire dragons
  10 merfolk impalers
  A minotaur (Lab)
  3 deep elf high priests
  A jiangshi (Abyss:5)
  35 vault guards
  22 yaktaur captains
  4 rakshasas
  30 naga warriors
  6 great orbs of eyes
  Harold (Lair:2)
  6 entropy weavers
  17 ice dragons
  3 catoblepae
  13 hydras
  An anaconda (shapeshifter) (Abyss:3)
  6 spriggan air magi
  An alligator snapping turtle (Shoals:4)
  3 merfolk avatars
  18 ogre magi
  8 anacondas
  3 satyrs
  9 centaur warriors
  7 death knights
  8 merfolk aquamancers
  13 dancing weapons
  5 deep troll shamans
  Urug (D:13)
  9 death yaks
  33 thrashing horrors
  9 hell hogs
  5 spriggan berserkers
  7 deep troll earth magi
  8 tengu warriors
  7 shock serpents
  29 naga sharpshooters
  2 vampire magi
  2 storm dragon zombies
  Nergalle (Orc:2)
  25 wretched stars
  21 deep elf knights
  9 hell knights
  4 sun demons
  7 spatial maelstroms
  3 salamander mystics
  A death drake (Abyss:1)
  A fire crab (Vaults:2)
  5 shadow wraiths
  A fire crab (shapeshifter) (D:9)
  17 sea snakes
  3 unseen horrors
  8 skeletal warriors
  6 flayed ghosts
  A storm dragon skeleton (Vaults:5)
  2 anaconda zombies (Abyss:3)
  A swamp dragon (shapeshifter) (Vaults:4)
  4 wizards
  23 deep trolls
  Pikel (D:4)
  19 deep elf archers
  4 giant orange brains
  9 ironbrand convokers
  3 shadow dragon zombies (Vaults:5)
  13 necromancers
  9 naga ritualists
  2 tengu zombies
  An orb spider (shapeshifter) (Vaults:1)
  11 phantasmal warriors
  73 deep elf magi
  10 harpies
  A harpy (shapeshifter) (Vaults:1)
  8 hill giants
  An oklob plant (Lair:7)
  3 hornets
  16 orc knights
  5 wolf spiders
  12 orc sorcerers
  5 mana vipers
  10 worldbinders
  2 stone giant zombies (Abyss:3)
  26 griffons
  3 orb spiders
  A manticore (shapeshifter) (Depths:5)
  16 salamanders
  49 ugly things
  A shadow dragon skeleton (Depths:4)
  11 cyclopes
  7 sixfirhies
  A frost giant zombie (Vaults:5)
  6 elephants
  3 fire giant zombies
  10 manticores
  A tengu skeleton (Vaults:5)
  14 naga magi
  6 fauns (Shoals:3)
  14 moths of wrath
  A fire giant skeleton (Abyss:3)
  A toenail golem (Abyss:3)
  37 black mambas
  A frost giant skeleton (Abyss:3)
  7 water nymphs
  9 sirens
  3 eyes of devastation
  4 apocalypse crabs
  9 guardian serpents (Snake:4)
  17 vault sentinels
  A titan simulacrum (Abyss:3)
  5 orange demons
  2 rust devils (Depths:3)
  A gargoyle (D:12)
  13 spiny frogs
  3 torpor snails
  4 rime drakes
  An ice statue (IceCv)
  A catoblepas zombie (Abyss:3)
  4 kobold demonologists
  20 smoke demons
  48 yaktaurs
  A hellion (Abyss:3)
  2 yaktaurs (shapeshifter) (Vaults:5)
  2 ice devils (Abyss:3)
  2 efreet
  21 freezing wraiths
  44 small abominations
  9 komodo dragons
  An anaconda simulacrum (Abyss:3)
  5 hellwings
  A demonic crawler (Abyss:5)
  3 tengu conjurers
  39 merfolk
  A silent spectre (Abyss:3)
  A polar bear (Lair:8)
  A polar bear (shapeshifter) (Vaults:1)
  27 ancient zymes
  6 wind drakes
  A yaktaur skeleton (Vaults:4)
  65 large abominations
  26 two-headed ogres
  A jumping spider (shapeshifter) (Abyss:3)
  A wolf spider simulacrum (D:14)
  10 boulder beetles
  26 slime creatures
  Grinder (D:4)
  7 trolls
  40 blink frogs
  A fire giant simulacrum (Abyss:1)
  61 raiju
  2 human simulacra
  12 snapping turtles
  A boulder beetle (shapeshifter) (Vaults:3)
  A blink frog (shapeshifter) (Vaults:3)
  An elf zombie (Depths:4)
  15 flying skulls (Abyss:3)
  A shock serpent simulacrum (Abyss:3)
  6 spriggans
  18 ynoxinuls
  2 shadows
  7 air elementals
  4 tarantellas
  7 fire elementals
  14 redbacks
  15 water elementals
  19 humans (D:14)
  19 chaos spawn
  8 basilisks
  6 fire bats (Abyss:3)
  11 golden eyes
  6 wraiths
  Grum (D:8)
  3 wyverns (Lair:7)
  A hog (Lair:5)
  46 yaks
  22 neqoxecs
  3 hungry ghosts
  A hippogriff (shapeshifter) (Vaults:1)
  10 vampire mosquitoes
  21 hippogriffs
  5 spatial vortices
  A mottled dragon (D:9)
  5 insubstantial wisps (Abyss:3)
  8 wargs
  A hydra simulacrum (Abyss:3)
  A naga (shapeshifter) (Abyss:3)
  A soldier ant (D:11)
  76 nagas
  10 water moccasins
  10 porcupines
  9 hell hounds
  50 orc warriors
  An ettin simulacrum (Vaults:5)
  3 eyes of draining (Abyss:3)
  A necrophage (D:8)
  14 ice beasts
  5 sky beasts
  4 black bears
  3 wasps
  5 phantoms
  25 wolves
  7 boggarts (Vaults:3)
  13 scorpions
  61 ogres
  A swamp dragon skeleton (Abyss:3)
  15 crocodiles
  19 centaurs
  Blork the orc (D:4)
  23 giant frogs
  14 big kobolds
  3 earth elementals
  A human zombie (Vaults:4)
  3 gnoll sergeants
  A glowing shapeshifter simulacrum (Vaults:3)
  A wyvern skeleton (D:6)
  A wyvern zombie (D:13)
  A scorpion (shapeshifter) (Abyss:3)
  An orc simulacrum (Vaults:2)
  25 killer bees
  A manticore simulacrum (Abyss:1)
  A wight (D:9)
  7 howler monkeys
  14 crimson imps
  3 giant frog zombies
  8 jellies
  104 starcursed masses
  3 draconian simulacra (IceCv)
  An elf simulacrum (Abyss:3)
  12 quasits
  31 orc priests
  5 iron imps
  3 giant frog skeletons
  2 centaur zombies
  5 hounds
  42 orc wizards
  5 centaur skeletons
  7 iguanas
  17 worker ants
  3 polar bear simulacra (IceCv)
  A spriggan simulacrum (IceCv)
  61 sheep
  4 troll simulacra (IceCv)
  A wolf simulacrum (IceCv)
  A centaur simulacrum (IceCv)
  A hound zombie (D:7)
  A howler monkey zombie (D:9)
  Robin (D:4)
  14 gnolls
  19 adders
  2 howler monkey skeletons (D:9)
  6 naga simulacra (IceCv)
  2 ogre simulacra (IceCv)
  41 river rats
  6 shadow imps
  20 white imps
  5 ufetubi
  3 adder skeletons
  A worm (D:2)
  3 dart slugs
  7 giant geckos
  121 orcs
  A ball python (D:3)
  7 giant cockroaches
  13 goblins
  8 hobgoblins
  8 jackals
  6 quokkas
  10 bats
  A giant gecko skeleton (D:9)
  7 giant newts
  2 jackal zombies (D:8)
  22 kobolds
  11 rats
  4 crawling corpses (Elf:3)
  2 lurking horrors (Abyss:3)
  A plant (Shoals:3)
  12 starspawn tentacles
3307 creatures vanquished.

Vanquished Creatures (collateral kills)
  A death yak (Lair:8)
  A draconian simulacrum (IceCv)
  2 centaur simulacra (IceCv)
  An orc (Orc:2)
5 creatures vanquished.

Vanquished Creatures (others)
  2 liches
  A deep elf master archer (Elf:3)
  A tengu reaver (Vaults:5)
  A ghost moth (Zot:1)
  A fire giant (Depths:5)
  A draconian annihilator (Depths:5)
  A yaktaur captain (Vaults:1)
  An ice dragon (Zot:5)
  2 centaur warriors
  2 ogre magi
  A thrashing horror (Abyss:5)
  A hell hog (Abyss:1)
  A naga sharpshooter (Snake:4)
  3 large abominations
  2 deep elf archers (Elf:2)
  3 deep elf magi
  A faun (Shoals:3)
  3 cyclopes
  A moth of wrath (Zot:5)
  24 yaktaurs
  A redback (Vaults:4)
  2 golden eyes
  An insubstantial wisp (Abyss:3)
  A naga (Snake:4)
  2 orc warriors (Vaults:4)
  2 slaves (D:4)
  An ice dragon simulacrum (Abyss:3)
  An ogre (Orc:2)
  3 centaurs
  4 small abominations (Abyss:3)
  2 starcursed masses
  A river rat (Lair:5)
  An ufetubus (Abyss:2)
  4 orcs
  27 fungi
  6 lurking horrors
  27 plants
  50 starspawn tentacles
  266 starspawn tentacle segments
  4 tentacles (Shoals:1)
  39 tentacle segments (Shoals:1)
498 creatures vanquished.

Grand Total: 3810 creatures vanquished

Notes
Turn   | Place    | Note
--------------------------------------------------------------
     0 | D:1      | Loup the Gargoyle Fighter began the quest for the Orb.
     0 | D:1      | Reached XP level 1. HP: 14/14 MP: 1/1
   164 | D:1      | Reached XP level 2. HP: 17/19 MP: 2/2
   854 | D:2      | Found a sacrificial altar of Ru.
   865 | D:2      | Reached XP level 3. HP: 23/23 MP: 3/3
  1613 | D:2      | Reached XP level 4. HP: 24/28 MP: 4/4
  2023 | D:3      | Found an opulent altar of Gozag.
  2167 | D:3      | Found an ancient bone altar of Kikubaaqudgha.
  2502 | D:3      | Found a snail-covered altar of Cheibriados.
  2504 | D:3      | Found a stormy altar of Qazlal.
  2662 | D:4      | Found Xuoqanao's Antique Weapon Emporium.
  2672 | D:3      | Reached skill level 5 in Maces & Flails
  2672 | D:3      | Reached XP level 5. HP: 14/32 MP: 5/5
  3091 | D:4      | Found an opulent altar of Gozag.
  3099 | D:4      | Noticed a slave
  3148 | D:3      | Reached XP level 6. HP: 31/37 MP: 6/6
  3207 | D:4      | Got a warped scale mail
  3218 | D:4      | Identified the +4 scale mail of Midnight {Int+6 Dex-2 Slay+6} (You found it on level 4 of the Dungeon)
  3483 | D:4      | Reached XP level 7. HP: 18/41 MP: 7/7
  3746 | D:4      | Noticed Pikel
  3756 | D:4      | Killed Pikel
  3756 | D:4      | Reached XP level 8. HP: 45/46 MP: 8/8
  3881 | D:4      | Reached skill level 10 in Maces & Flails
  4004 | D:4      | Noticed Robin
  4019 | D:4      | Killed Robin
  4087 | D:4      | Noticed Grinder
  4101 | D:4      | Killed Grinder
  4101 | D:4      | Reached skill level 4 in Shields
  4164 | D:4      | Reached XP level 9. HP: 50/52 MP: 9/9
  4314 | D:4      | Noticed Blork the orc
  4318 | D:4      | Killed Blork the orc
  4508 | D:5      | Entered Level 5 of the Dungeon
  4512 | D:5      | Reached skill level 5 in Fighting
  4841 | D:5      | Found a staircase to the Ecumenical Temple.
  4846 | D:5      | Reached skill level 5 in Armour
  4846 | D:5      | Reached skill level 5 in Shields
  4853 | Temple   | Entered the Ecumenical Temple
  5132 | Temple   | Became a worshipper of Warmaster Okawaru
  5266 | D:5      | Found a white marble altar of Elyvilon.
  5267 | D:5      | Found a glowing silver altar of Zin.
  5268 | D:5      | Found a glowing golden altar of the Shining One.
  5775 | D:6      | Found a deep blue altar of Sif Muna.
  5777 | D:6      | Found a basalt altar of Yredelemnul.
  5783 | D:6      | Found a shattered altar of Ashenzari.
  5946 | D:6      | Reached skill level 6 in Shields
  5952 | D:6      | Reached * piety under Okawaru
  6063 | D:6      | Noticed a hill giant
  6086 | D:6      | Killed a hill giant
  6310 | D:6      | Found a shimmering altar of Xom.
  6311 | D:6      | Found a hazy altar of Hepliaklqana.
  6312 | D:6      | Noticed a spectral ugly thing
  6395 | D:6      | Found a shadowy altar of Dithmenos.
  6412 | D:6      | Reached ** piety under Okawaru
  6412 | D:6      | Reached XP level 10. HP: 60/60 MP: 10/10
  6449 | D:7      | Found a blossoming altar of Fedhas.
  6547 | D:7      | Found Eduidu's Weapon Emporium.
  6862 | D:7      | Found Huhab's Book Shop.
  7465 | D:8      | Reached *** piety under Okawaru
  7551 | D:8      | Found a sparkling altar of Nemelex Xobeh.
  7583 | D:8      | Noticed Grum
  7608 | D:8      | Killed Grum
  7827 | D:8      | Found a hide-covered altar of Uskayaw.
  7972 | D:8      | Found a burning altar of Makhleb.
  7975 | D:8      | Found a staircase to the Lair.
  8051 | D:8      | Reached **** piety under Okawaru
  8629 | Lair:1   | Entered Level 1 of the Lair of Beasts
  8707 | Lair:1   | Noticed a spiny frog
  8722 | Lair:1   | Killed a spiny frog
  8722 | Lair:1   | Reached XP level 11. HP: 57/64 MP: 11/11
  8911 | Lair:1   | Reached ***** piety under Okawaru
  9300 | Lair:1   | Reached skill level 7 in Shields
  9971 | Lair:2   | Received a gift from Okawaru
  9971 | Lair:2   | Reached skill level 8 in Shields
 10138 | Lair:2   | Noticed Harold
 10153 | Lair:2   | Killed Harold
 10396 | Lair:2   | Reached XP level 12. HP: 74/75 MP: 12/12
 11152 | Lair:3   | Noticed a four-headed hydra
 11162 | Lair:3   | Noticed a five-headed hydra
 11167 | Lair:3   | Killed a four-headed hydra
 11167 | Lair:3   | Reached skill level 9 in Shields
 11175 | Lair:3   | Killed a five-headed hydra
 11573 | Lair:3   | Reached skill level 5 in Invocations
 11591 | Lair:3   | Found an opulent altar of Gozag.
 11742 | Lair:3   | Received a gift from Okawaru
 11922 | Lair:3   | Noticed a seven-headed hydra
 11940 | Lair:3   | Killed a seven-headed hydra
 13035 | Lair:4   | Found a staircase to the Shoals.
 13082 | Lair:4   | Reached XP level 13. HP: 75/82 MP: 18/18
 13139 | Lair:4   | Reached skill level 10 in Fighting
 13141 | Lair:4   | Reached skill level 10 in Shields
 13188 | Lair:4   | Reached skill level 10 in Armour
 13357 | Lair:4   | Reached skill level 1 in Dodging
 14108 | Lair:5   | Found a staircase to the Snake Pit.
 14138 | Lair:5   | Noticed Kirke
 14178 | Lair:5   | Killed Kirke
 14222 | Lair:5   | Found a labyrinth entrance.
 14260 | Lab      | Entered a labyrinth
 14606 | Lab      | Noticed a minotaur
 14618 | Lab      | Killed a minotaur
 14618 | Lab      | Reached skill level 5 in Dodging
 14625 | Lab      | Identified the Collected Works on Burning Poison
 14626 | Lab      | Got a distressingly furry ring mail
 14806 | Lair:5   | Identified a +0 rod of shadows (8/11) (You took it off a minotaur in a labyrinth)
 14818 | Lair:5   | Identified the +0 ring mail of Qilaag {rPois rF+++ Str+2 Stlth-} (You found it in a labyrinth)
 15409 | Lair:5   | Reached ****** piety under Okawaru
 15939 | Lair:6   | Received a gift from Okawaru
 15946 | Lair:6   | Got a slimy demon whip {god gift}
 15947 | Lair:6   | Identified the +3 demon whip of Tortfeasance {pain, *Corrode rPois Dex+5} (Okawaru gifted it to you on level 6 of the Lair of Beasts)
 16501 | Lair:6   | Found a snail-covered altar of Cheibriados.
 16997 | Lair:7   | Reached skill level 1 in Evocations
 17035 | Lair:7   | Gained mutation: Your large and strong wings let you fly indefinitely. [Gargoyle growth]
 17035 | Lair:7   | Reached XP level 14. HP: 88/88 MP: 19/19
 17065 | Lair:7   | Received a gift from Okawaru
 17198 | Lair:7   | Reached skill level 11 in Shields
 17458 | Lair:7   | Received a gift from Okawaru
 17458 | Lair:7   | Reached skill level 5 in Evocations
 18056 | Lair:7   | Found a staircase to the Slime Pits.
 18427 | Lair:8   | Entered Level 8 of the Lair of Beasts
 18448 | Lair:8   | Reached skill level 12 in Shields
 18700 | Lair:8   | Found a frozen archway.
 18758 | IceCv    | Entered an ice cave
 19219 | IceCv    | Found an ancient bone altar of Kikubaaqudgha.
 19411 | IceCv    | Noticed Senshi's ghost (journeyman MiGl)
 19438 | IceCv    | Killed Senshi's ghost
 20006 | Lair:8   | Reached skill level 13 in Shields
 20145 | Lair:8   | Noticed Maud
 20170 | Lair:8   | Killed Maud
 20170 | Lair:8   | Received a gift from Okawaru
 20170 | Lair:8   | Reached XP level 15. HP: 85/93 MP: 20/20
 20293 | Lair:8   | Noticed Ryco's ghost (journeyman DDBe)
 20311 | Lair:8   | Killed Ryco's ghost
 20779 | Lair:8   | Received a gift from Okawaru
 21572 | D:9      | Reached skill level 14 in Shields
 22774 | D:10     | Entered Level 10 of the Dungeon
 22786 | D:10     | Found a staircase to the Orcish Mines.
 23179 | D:10     | Found Pacuv's General Store.
 24818 | Orc:1    | Entered Level 1 of the Orcish Mines
 24818 | Orc:1    | Noticed an orc warlord
 24840 | D:10     | Killed an orc warlord
 25133 | Orc:2    | Entered Level 2 of the Orcish Mines
 25136 | Orc:2    | Noticed an orc warlord
 25141 | Orc:2    | Noticed an orc warlord
 25167 | Orc:1    | Killed an orc warlord
 25167 | Orc:1    | Reached skill level 15 in Shields
 25309 | Orc:1    | Killed an orc warlord
 26336 | Orc:1    | Received a gift from Okawaru
 26347 | Orc:1    | Got a crude buckler {god gift}
 26384 | Orc:1    | Identified the -2 buckler of Patience {Str+4} (Okawaru gifted it to you on level 1 of the Orcish Mines)
 26964 | Orc:2    | Found Eprej's General Store.
 26968 | Orc:2    | Found a staircase to the Elven Halls.
 27012 | Orc:2    | Found Loadghorgh's Gadget Shoppe.
 27040 | Orc:2    | Reached XP level 16. HP: 67/103 MP: 21/21
 27215 | Orc:2    | Found an ancient bone altar of Kikubaaqudgha.
 27216 | Orc:2    | Noticed Nergalle
 27231 | Orc:2    | Killed Nergalle
 27238 | Orc:2    | Found Vuqudenn's Gadget Emporium.
 27462 | Orc:2    | Found a radiant altar of Vehumet.
 27521 | Orc:2    | Found Xeken's Antique Armour Emporium.
 27522 | Orc:2    | Found a roughly hewn altar of Beogh.
 27590 | Orc:2    | Found Susei's Distillery.
 27715 | Orc:2    | Bought a wand of teleportation (3/9) for 231 gold pieces
 27715 | Orc:2    | Bought a +0 rod of clouds (9/9) for 770 gold pieces
 28013 | D:13     | Reached skill level 1 in Throwing
 28294 | D:13     | Noticed Urug
 28300 | D:13     | Killed Urug
 29423 | D:14     | Found a gate to the Vaults.
 29585 | D:15     | Entered Level 15 of the Dungeon
 29731 | D:15     | Found a staircase to the Depths.
 29744 | D:15     | Reached skill level 5 in Throwing
 30270 | Elf:1    | Entered Level 1 of the Elven Halls
 30286 | Elf:1    | Received a gift from Okawaru
 30295 | Elf:1    | Received a gift from Okawaru
 30932 | Elf:1    | Received a gift from Okawaru
 31136 | Elf:1    | Identified Jiucaf's Compendium of Calling
 31139 | Elf:1    | Learned a level 1 spell: Summon Butterflies
 31159 | Elf:1    | Reached skill level 10 in Evocations
 31207 | Elf:1    | Reached XP level 17. HP: 108/108 MP: 24/24
 31457 | Elf:1    | Received a gift from Okawaru
 31775 | Elf:1    | Noticed Aizul
 31786 | Elf:1    | Killed Aizul
 32081 | Elf:1    | Received a gift from Okawaru
 32109 | Elf:1    | Got a crude cloak {god gift}
 32120 | Elf:1    | Identified the +2 cloak "Jacuk" {rN+ Int-2 SInv} (Okawaru gifted it to you on level 1 of the Elven Halls)
 32747 | Elf:2    | Learned a level 5 spell: Aura of Abjuration
 32793 | Elf:2    | Found a runed gate.
 32793 | Elf:2    | Found a runed gate.
 32794 | Elf:2    | Found a runed gate.
 33813 | Snake:1  | Entered Level 1 of the Snake Pit
 34004 | Snake:1  | Found a flickering gateway to a bazaar.
 34029 | Bazaar   | Entered a bazaar
 34032 | Bazaar   | Found Vabbitas's Antique Weapon Emporium.
 34052 | Bazaar   | Found Zumegheg's Weapon Boutique.
 34089 | Bazaar   | Found Loavvis's Distillery.
 34109 | Bazaar   | Found Fabusim's Assorted Antiques.
 34119 | Bazaar   | Found Zaeps's Magic Scroll Shop.
 34171 | Bazaar   | Bought a potion of heal wounds for 55 gold pieces
 34171 | Bazaar   | Bought a potion of resistance for 110 gold pieces
 34171 | Bazaar   | Bought a potion of cancellation for 88 gold pieces
 34171 | Bazaar   | Bought a potion of might for 44 gold pieces
 34171 | Bazaar   | Bought a potion of might for 44 gold pieces
 34190 | Bazaar   | Bought a scroll of identify for 50 gold pieces
 34190 | Bazaar   | Bought a scroll of blinking for 187 gold pieces
 34190 | Bazaar   | Bought a potion of might for 100 gold pieces
 34190 | Bazaar   | Bought 3 scrolls of enchant weapon for 562 gold pieces
 34200 | Bazaar   | Bought a scroll of identify for 26 gold pieces
 34200 | Bazaar   | Bought a scroll of teleportation for 39 gold pieces
 34200 | Bazaar   | Bought a scroll of identify for 26 gold pieces
 34200 | Bazaar   | Bought a scroll of silence for 97 gold pieces
 34200 | Bazaar   | Bought a scroll of identify for 26 gold pieces
 34200 | Bazaar   | Bought a scroll of teleportation for 39 gold pieces
 34200 | Bazaar   | Bought a scroll of identify for 26 gold pieces
 34200 | Bazaar   | Bought a scroll of recharging for 123 gold pieces
 34268 | Snake:1  | Noticed Louise
 34300 | Snake:1  | Killed Louise
 35435 | Snake:2  | Received a gift from Okawaru
 35964 | Snake:2  | Reached skill level 10 in Throwing
 36232 | Snake:2  | Reached XP level 18. HP: 95/114 MP: 27/27
 37021 | Snake:2  | Reached skill level 15 in Maces & Flails
 37038 | Snake:2  | Got a steaming glass ring
 37142 | Snake:3  | Received a gift from Okawaru
 37505 | Snake:3  | Found Washiat's Assorted Antiques.
 37565 | Snake:3  | Bought a coiled granite ring for 200 gold pieces
 37565 | Snake:3  | Identified the ring "Ypehouph" {+Blink rF+ rN+ MR-} (You found it on level 2 of the Snake Pit)
 37566 | Snake:3  | Identified the ring "Zyax" {Ice rElec Dex+2 Slay+3} (You bought it in a shop on level 3 of the Snake Pit)
 38046 | Snake:4  | Entered Level 4 of the Snake Pit
 38066 | Snake:4  | Received a gift from Okawaru
 38105 | Snake:4  | Received a gift from Okawaru
 39221 | Snake:4  | Reached XP level 19. HP: 121/121 MP: 28/28
 39366 | Snake:4  | Noticed Vashnia
 39743 | Snake:4  | Received a gift from Okawaru
 39841 | Snake:4  | Received a gift from Okawaru
 39877 | Snake:4  | Killed Vashnia
 39892 | Snake:4  | Got a serpentine rune of Zot
 40037 | Snake:4  | Received a gift from Okawaru
 40794 | Vaults:1 | Entered Level 1 of the Vaults
 40804 | Vaults:1 | Reached skill level 15 in Fighting
 40958 | Vaults:1 | Got a crude chain mail
 40969 | Vaults:1 | Identified the +3 chain mail "Joklihausch" {rN+ MR+} (You found it on level 1 of the Vaults)
 42022 | Vaults:1 | Reached XP level 20. HP: 122/129 MP: 30/30
 42068 | Vaults:1 | Found Waoge's Assorted Antiques.
 42071 | Vaults:1 | Bought a fine jade amulet for 160 gold pieces
 42371 | Vaults:2 | Identified the amulet "Zyekhlom" {RegenMP rC++ rN++ Stlth-} (You bought it in a shop on level 1 of the Vaults)
 42385 | Vaults:2 | Found Gozag's Antique Armour Shop.
 42386 | Vaults:2 | Found Gozag's Antique Armour Boutique.
 42407 | Vaults:2 | Received a gift from Okawaru
 42590 | Vaults:2 | Found an opulent altar of Gozag.
 42590 | Vaults:2 | Found Gozag's Antique Weapon Shop.
 42816 | Vaults:2 | Reached skill level 15 in Armour
 42981 | Vaults:2 | Identified the Handbook of Moulding and the Volcanoes
 43255 | Vaults:2 | Reached skill level 15 in Evocations
 43282 | Vaults:2 | Found a staircase to the Crypt.
 43618 | Vaults:2 | Got a shimmering golden ring
 43661 | Vaults:2 | Received a gift from Okawaru
 43730 | Vaults:2 | Received a gift from Okawaru
 44971 | Vaults:3 | Received a gift from Okawaru
 44980 | Vaults:3 | Reached XP level 21. HP: 99/135 MP: 32/32
 44984 | Vaults:3 | Received a gift from Okawaru
 46020 | Vaults:3 | Received a gift from Okawaru
 46338 | Vaults:3 | Identified the ring of Pride {rCorr MP+9} (You found it on level 2 of the Vaults)
 47127 | Vaults:4 | Noticed Margery
 47159 | Vaults:4 | Killed Margery
 47159 | Vaults:4 | Received a gift from Okawaru
 47811 | Vaults:4 | Noticed Saint Roka
 47836 | Vaults:4 | Killed Saint Roka
 48771 | Vaults:4 | Reached XP level 22. HP: 130/144 MP: 34/34
 49160 | Vaults:1 | Received a gift from Okawaru
 49209 | Vaults:1 | Identified a +1 pair of boots of running (Okawaru gifted it to you on level 1 of the Vaults)
 49478 | Shoals:1 | Entered Level 1 of the Shoals
 50943 | Shoals:2 | Found Gaupo's Distillery.
 51456 | Shoals:3 | Upgraded the game from 0.19-a0-458-gfd99d95 to 0.19-a0-461-gaf2d98a
 52330 | Shoals:3 | Received a gift from Okawaru
 52455 | Shoals:4 | Entered Level 4 of the Shoals
 52478 | Shoals:4 | Noticed Ilsuiw
 52495 | Shoals:4 | Killed Ilsuiw
 52819 | Shoals:4 | Noticed Donald
 53097 | Shoals:4 | Reached skill level 15 in Throwing
 53153 | Shoals:4 | Killed Donald
 53175 | Shoals:4 | Noticed Jorgrun
 53430 | Shoals:4 | Killed Jorgrun
 53430 | Shoals:4 | Received a gift from Okawaru
 53757 | Shoals:4 | Learned a level 6 spell: Haste
 53764 | Shoals:4 | Learned a level 6 spell: Deflect Missiles
 53820 | Shoals:4 | Got a barnacled rune of Zot
 53910 | Shoals:4 | Noticed Roxanne
 54081 | Shoals:4 | Noticed Polyphemus
 54093 | Shoals:4 | Killed Polyphemus
 54093 | Shoals:4 | Reached XP level 23. HP: 143/149 MP: 35/35
 54781 | Vaults:5 | Entered Level 5 of the Vaults
 55166 | Vaults:5 | Noticed a golden dragon
 55680 | Vaults:5 | Received a gift from Okawaru
 55820 | Vaults:5 | Received a gift from Okawaru
 55856 | Vaults:5 | Noticed an ancient lich
 56017 | Vaults:5 | Killed a golden dragon
 56030 | Vaults:5 | Reached skill level 10 in Dodging
 56216 | Vaults:5 | Noticed a golden dragon
 56232 | Vaults:5 | Killed a golden dragon
 56414 | Vaults:5 | Received a gift from Okawaru
 56441 | Vaults:5 | Reached XP level 24. HP: 124/156 MP: 35/35
 56708 | Vaults:5 | Got a steaming platinum ring
 56881 | Vaults:5 | Killed an ancient lich
 57209 | Vaults:5 | Noticed hoot's ghost (master GrMo)
 57286 | Vaults:5 | Killed hoot's ghost
 57523 | Vaults:5 | Received a gift from Okawaru
 57638 | Vaults:5 | Identified the ring "Hunopp" {rF+ rN+ Int+3 Slay+2} (You took it off an ogre mage on level 5 of the Vaults)
 57702 | Vaults:5 | Received a gift from Okawaru
 58543 | Vaults:5 | Got a silver rune of Zot
 58648 | Vaults:5 | Reached skill level 15 in Dodging
 58776 | Vaults:5 | Identified the Disquisition on Necromancy and Fire
 59154 | Vaults:5 | Got a scorched hat
 59165 | Vaults:5 | Identified the +0 hat of the Skies Above {rPois Int+3} (You found it on level 5 of the Vaults)
 59834 | Elf:3    | Entered Level 3 of the Elven Halls
 59876 | Elf:3    | Reached XP level 25. HP: 155/160 MP: 35/35
 60165 | Elf:3    | Reached skill level 1 in Air Magic
 60176 | Elf:3    | Reached skill level 1 in Charms
 60426 | Elf:3    | Noticed edsrzf's ghost (adept DrTm)
 60445 | Elf:3    | Killed edsrzf's ghost
 60788 | Elf:3    | Received a gift from Okawaru
 60915 | Elf:3    | Received a gift from Okawaru
 60990 | Elf:3    | Learned a level 3 spell: Regeneration
 60992 | Elf:3    | Identified the Incunabulum of Supportive Transmutation
 60995 | Elf:3    | Identified the Catalogue of Gliding Calling
 61672 | Slime:1  | Entered Level 1 of the Pits of Slime
 62486 | Depths:1 | Entered Level 1 of the Depths
 62626 | Depths:1 | Noticed Mara
 62663 | D:15     | Noticed Loup's illusion
 62715 | D:15     | Noticed Loup's illusion
 62720 | D:15     | Killed Mara
 62720 | D:15     | Reached skill level 16 in Shields
 62883 | Depths:1 | Found a shimmering altar of Xom.
 63099 | Depths:1 | Noticed wearedevo's ghost (adept DDNe)
 63174 | Depths:1 | Killed wearedevo's ghost
 63308 | Depths:1 | Found a gateway to a ziggurat.
 63376 | Depths:1 | Found a gateway to Hell.
 63885 | Depths:2 | Reached XP level 26. HP: 170/170 MP: 35/35
 64249 | Depths:2 | Received a gift from Okawaru
 64251 | Depths:2 | Reached skill level 17 in Shields
 64596 | Depths:3 | Noticed the Enchantress
 64662 | Depths:3 | Killed the Enchantress
 64678 | Depths:3 | Received a gift from Okawaru
 65043 | Depths:3 | Got a faerie dragon armour
 65054 | Depths:3 | Identified the +5 faerie dragon armour {rPois rC+ Dex+5} (You took it off the Enchantress on level 3 of the Depths)
 65117 | Depths:3 | Found a one-way gate leading to the halls of Pandemonium.
 65226 | Depths:3 | Found a one-way gate to the infinite horrors of the Abyss.
 65756 | Depths:3 | Gained mutation: You are frail. (-10% HP) [a cacodemon]
 65981 | Depths:4 | Paralysed by a giant eyeball for 3 turns
 66502 | Depths:4 | Found Jogyif's Book Shop.
 66588 | Depths:4 | Received a gift from Okawaru
 66861 | Depths:4 | Paralysed by a giant eyeball for 2 turns
 66870 | Depths:4 | Found a huge runed gate.
 66871 | Depths:4 | Found a huge runed gate.
 66871 | Depths:4 | Found a huge runed gate.
 66953 | Depths:4 | Paralysed by a giant eyeball for 4 turns
 66978 | Depths:4 | Received a gift from Okawaru
 66986 | Depths:5 | Entered Level 5 of the Depths
 67438 | Depths:5 | Found a gate to the Realm of Zot.
 67456 | Depths:5 | Received a gift from Okawaru
 67635 | Depths:5 | Received a gift from Okawaru
 68046 | Depths:5 | Noticed Xtahua
 68055 | Depths:5 | Killed Xtahua
 68381 | Depths:5 | Reached XP level 27. HP: 154/161 MP: 35/35
 68561 | Depths:5 | Received a gift from Okawaru
 68887 | Depths:4 | Got a sparkling platinum ring
 68888 | Depths:4 | Identified the ring "Zinoeq" {*Tele *Confuse rN+ Int+8 Slay+3} (You found it on level 4 of the Depths)
 68895 | Depths:4 | Paralysed by a giant eyeball for 2 turns
 69001 | Depths:4 | Voluntarily entered the Abyss.
 69236 | Abyss:1  | Gained mutation: Scrolls take you much longer to read. [a neqoxec]
 69239 | Abyss:1  | Gained mutation: You tend to lose your temper in combat. [a neqoxec]
 69416 | Abyss:1  | Received a gift from Okawaru
 69490 | Abyss:1  | Gained mutation: You are clumsy. (Dex -2) [a neqoxec]
 69717 | Abyss:2  | Found a hide-covered altar of Uskayaw.
 69720 | Abyss:2  | Found a corrupted altar of Lugonu.
 69834 | Abyss:2  | Found a corrupted altar of Lugonu.
 69999 | Abyss:2  | Found a corrupted altar of Lugonu.
 70086 | Abyss:2  | Received a gift from Okawaru
 70201 | Abyss:2  | Paralysed by accursed screaming for 1 turns
 70209 | Abyss:2  | Paralysed by accursed screaming for 1 turns
 70217 | Abyss:2  | Paralysed by accursed screaming for 1 turns
 70225 | Abyss:2  | Found a corrupted altar of Lugonu.
 70377 | Abyss:2  | Paralysed by accursed screaming for 1 turns
 70396 | Abyss:2  | Paralysed by accursed screaming for 1 turns
 70631 | Abyss:3  | Lost mutation: You are clumsy. (Dex -2) [potion of cure mutation]
 70631 | Abyss:3  | Lost mutation: Scrolls take you a little longer to read. [potion of cure mutation]
 70631 | Abyss:3  | Lost mutation: You are frail. (-10% HP) [potion of cure mutation]
 70632 | Abyss:3  | Gained mutation: You are covered in fur. (AC +1) [potion of beneficial mutation]
 70791 | Abyss:3  | Received a gift from Okawaru
 70838 | Abyss:3  | Gained mutation: You are dopey. (Int -2) [a neqoxec]
 71099 | Abyss:3  | Paralysed by accursed screaming for 1 turns
 71125 | Abyss:3  | Found a corrupted altar of Lugonu.
 71170 | Abyss:3  | Paralysed by accursed screaming for 1 turns
 71177 | Abyss:3  | Paralysed by accursed screaming for 2 turns
 71191 | Abyss:3  | Paralysed by accursed screaming for 2 turns
 71199 | Abyss:3  | Paralysed by accursed screaming for 2 turns
 71206 | Abyss:3  | Paralysed by accursed screaming for 2 turns
 71749 | Abyss:3  | Gained mutation: You often lose your temper in combat. [a neqoxec]
 71754 | Abyss:3  | Gained mutation: You are very dopey. (Int -4) [a neqoxec]
 71868 | Abyss:3  | Gained mutation: You have an uncontrollable temper. [a neqoxec]
 72113 | Abyss:3  | Gained mutation: Your body sometimes deteriorates upon taking damage. [a neqoxec]
 72622 | Abyss:3  | Gained mutation: Your spells are a little easier to cast, but a little less powerful. [a neqoxec]
 72708 | Abyss:3  | Gained mutation: You are partially covered in rugged brown scales. (AC +1, +3% HP) [a neqoxec]
 72861 | Abyss:3  | Found a corrupted altar of Lugonu.
 73329 | Abyss:3  | Gained mutation: You frequently scream uncontrollably at your foes. [a cacodemon]
 73382 | Abyss:3  | Received a gift from Okawaru
 73674 | Abyss:3  | Gained mutation: You are clumsy. (Dex -2) [a cacodemon]
 74047 | Abyss:3  | Found a shimmering altar of Xom.
 74050 | Abyss:3  | Found a hazy altar of Hepliaklqana.
 74113 | Abyss:3  | Received a gift from Okawaru
 74296 | Abyss:3  | Gained mutation: Your body often deteriorates upon taking damage. [a neqoxec]
 74298 | Abyss:3  | Gained mutation: Your spells are easier to cast, but less powerful. [a neqoxec]
 74366 | Abyss:3  | Gained mutation: You regenerate slowly when monsters are visible. [a neqoxec]
 74549 | Abyss:3  | Received a gift from Okawaru
 74846 | Abyss:3  | Paralysed by accursed screaming for 1 turns
 75263 | Abyss:3  | Gained mutation: You are frail. (-10% HP) [a neqoxec]
 75584 | Depths:4 | Escaped the Abyss
 75585 | Depths:4 | Lost mutation: Your body often deteriorates upon taking damage. [potion of cure mutation]
 75585 | Depths:4 | Lost mutation: Your body sometimes deteriorates upon taking damage. [potion of cure mutation]
 75585 | Depths:4 | Lost mutation: You have an uncontrollable temper. [potion of cure mutation]
 75585 | Depths:4 | Lost mutation: You occasionally shout uncontrollably at your foes. [potion of cure mutation]
 75585 | Depths:4 | Lost mutation: Your spells are easier to cast, but less powerful. [potion of cure mutation]
 75586 | Depths:4 | Lost mutation: You are frail. (-10% HP) [potion of cure mutation]
 75586 | Depths:4 | Lost mutation: You are clumsy. (Dex -2) [potion of cure mutation]
 75586 | Depths:4 | Lost mutation: You are very dopey. (Int -4) [potion of cure mutation]
 75586 | Depths:4 | Lost mutation: You are partially covered in rugged brown scales. (AC +1, +3% HP) [potion of cure mutation]
 75587 | Depths:4 | Lost mutation: You are dopey. (Int -2) [potion of cure mutation]
 75587 | Depths:4 | Lost mutation: You regenerate slowly when monsters are visible. [potion of cure mutation]
 75587 | Depths:4 | Lost mutation: Your spells are a little easier to cast, but a little less powerful. [potion of cure mutation]
 75587 | Depths:4 | Lost mutation: You are covered in fur. (AC +1) [potion of cure mutation]
 75587 | Depths:4 | Lost mutation: You often lose your temper in combat. [potion of cure mutation]
 75588 | Depths:4 | Lost mutation: You tend to lose your temper in combat. [potion of cure mutation]
 75590 | Depths:4 | Paralysed by a giant eyeball for 2 turns
 75613 | Zot:1    | Entered Level 1 of the Realm of Zot
 75662 | Zot:1    | Reached skill level 18 in Shields
 76250 | Zot:3    | Received a gift from Okawaru
 76480 | Zot:3    | Reached skill level 19 in Shields
 76929 | Zot:4    | Reached skill level 20 in Shields
 77234 | Zot:5    | Entered Level 5 of the Realm of Zot
 77376 | Zot:5    | Received a gift from Okawaru
 77763 | Zot:5    | Reached skill level 21 in Shields
 77877 | Zot:5    | Noticed an ancient lich
 77878 | Zot:5    | Noticed Tiamat
 77927 | Zot:5    | Killed Tiamat
 77927 | Zot:5    | Received a gift from Okawaru
 77933 | Zot:5    | Killed an ancient lich
 77941 | Zot:5    | Noticed an ancient lich
 77962 | Zot:5    | Noticed an ancient lich
 77966 | Zot:5    | Killed an ancient lich
 77966 | Zot:5    | Reached skill level 22 in Shields
 77975 | Zot:5    | Received a gift from Okawaru
 77995 | Zot:5    | Killed an ancient lich
 78073 | Zot:5    | Noticed an orb of fire
 78093 | Zot:5    | Noticed an ancient lich
 78103 | Zot:5    | Cast into level 5 of the Abyss (an ancient lich)
 78103 | Abyss:5  | Entered Level 5 of the Abyss
 78103 | Abyss:5  | Found a corrupted altar of Lugonu.
 78233 | Abyss:5  | Gained mutation: You are dopey. (Int -2) [a neqoxec]
 78243 | Abyss:5  | Gained mutation: Armour fits poorly on your strangely shaped body. [a neqoxec]
 78322 | Abyss:5  | Reached skill level 23 in Shields
 78373 | Abyss:5  | Paralysed by accursed screaming for 1 turns
 78404 | Abyss:5  | Found a corrupted altar of Lugonu.
 78844 | Zot:5    | Escaped the Abyss
 78857 | Zot:5    | Gained mutation: Your body sometimes deteriorates upon taking damage. [an orb of fire]
 78861 | Zot:5    | Killed an ancient lich
 78878 | Zot:5    | Killed an orb of fire
 78889 | Zot:5    | Reached skill level 24 in Shields
 78890 | Zot:5    | Noticed an ancient lich
 78901 | Zot:5    | Killed an ancient lich
 78901 | Zot:5    | Received a gift from Okawaru
 78995 | Zot:5    | Noticed an ancient lich
 79001 | Zot:5    | Killed an ancient lich
 79291 | Zot:5    | Noticed an ancient lich
 79310 | Zot:5    | Blown up by an ancient lich

Vault maps used:
D:1:      dpeg_arrival_renting, corexii_leaking_fountain
D:2:      nicolae_ru_awakened_eye
D:3:      kiku_gazebo_pond_becter, minitemple, minmay_misc_feat_pillars,
          hangedman_abyss_or_decor_stabs,
          nicolae_gozag_cash_rules_everything_around_me
D:4:      old_forge, nicolae_overflow_hidden_temple, serial_shops, shop,
          first_bread, minmay_misc_feat_plants, uniq_blork_the_orc, uniq_pikel,
          uniq_grinder, uniq_robin
D:5:      good_gods_temple_1, minmay_temple_entry_grid
D:6:      regret_index_temple_of_mockery, grunt_temple_overflow_open,
          hangedman_decor_diamond_cutter, grunt_dithmenos_shadows
D:7:      lemuel_crystal_altar, serial_shops, shop, nicolae_shop_stone
D:8:      nemelex_deck, bloody_makhleb, lair_0_dummy, basic_altar, uniq_grum
D:9:      hangedman_cross_cluster
D:10:     orc_0_dummy, serial_shops, kennysheep_mini
D:12:     the_bakery, grunt_tough_drop
D:13:     uniq_urug
D:14:     grunt_vaults_entry_tiered, solitary_fountain
D:15:     grunt_enter_depths_snipers, minivault_11
Temple:   hc_temple_tempest_star
Lair:2:   uniq_harold
Lair:3:   basic_altar, grunt_megastairs_1
Lair:4:   minmay_shoals_entry_beasts
Lair:5:   guppyfry_snake_entry_island, lab_entry_generic, serial_bayou_shore_b,
          uniq_kirke
Lair:6:   cheibrodos_lair_caveside_slide, kennysheep_snail_temple
Lair:7:   minmay_slime_entry_oklob_enclosed, special_room,
          minmay_lair_oklob_bushes
Lair:8:   grunt_lair_end_beastmaster, portal_ice_cave_entry_pillars_1,
          infiniplex_staircase_pool, uniq_maud
Shoals:2: serial_shops, shop_statue, hangedman_shoals_cup_caves
Shoals:3: nicolae_shoals_arrival_archipelago
Shoals:4: shoals_end_simple, shoals_ilsuiw_alternative, uniq_donald,
          uniq_jorgrun, uniq_roxanne, uniq_polyphemus
Snake:1:  serial_shops, bzr_entry_gold, grunt_megastairs_2, lemuel_fruit_tree,
          uniq_louise
Snake:2:  cheibrodos_snake_lava_hold, grunt_ministairs_4, st_stairs_3
Snake:3:  serial_shops, shop
Snake:4:  grunt_snake_rune_spirals, uniq_vashnia
Orc:1:    guppyfry_library_mini
Orc:2:    kennysheep_orc_mage_school, serial_shops, shop, rock_pile
Elf:1:    eino_elf_arrival_the_gate, minmay_elf_demonology, uniq_aizul
Elf:3:    elf_hall_gauntlet_narrow
Vaults:1: serial_ice_h, nicolae_vaults_specimen_jars,
          hangedman_vaults_corner_blocks, hangedman_vaults_locks,
          grunt_vaults_hallway_long, dpeg_vaults_monster_box,
          ontoclasm_vaults_ring_large, nicolae_vaults_little_squares_2,
          ontoclasm_vaults_ring_square, grunt_vaults_swirl,
          ontoclasm_vaults_decontamination, hangedman_vaults_pinch,
          ontoclasm_vaults_gallery, nicolae_vaults_shelves_hall, serial_shops,
          nicolae_shop_behind_doors
Vaults:2: v_rooms_4, vaults_standard_mumra_enter_the_diamond,
          minmay_crypt_entry_simple_statues, ontoclasm_vaults_ring_small,
          nicolae_vaults_puzzle_piece, kennysheep_vaults_gozag_temple,
          vaults_dpeg_cross, vaults_room_boxed, nicolae_vaults_circle_grid_b,
          nicolae_vaults_network_periphery, grunt_vaults_hallway_short,
          nicolae_vaults_three_branches, nicolae_vaults_little_squares_6,
          nicolae_vaults_little_squares_3, ontoclasm_vaults_pinch
Vaults:3: nicolae_vaults_know_your_exits, v_pattern_2, hangedman_vaults_stagger,
          ontoclasm_vaults_claustrophobia, vaults_mumra_minichess_inversion,
          v_misc_15, v_alt_pattern_4, vaults_mumra_chevron,
          nicolae_vaults_angled_halls, v_rooms_3, v_misc_12, v_misc_27,
          nicolae_vaults_rhombus_6, vaults_dpeg_encased_lava,
          vaults_room_semicircle, nicolae_vaults_shelves_hall, vaults_dpeg_hooks
Vaults:4: v_misc_17, nicolae_vaults_network_square, vaults_dpeg_ring,
          v_pattern_4, v_rooms_2, vaults_room_grunt_arrival_checkpoint,
          nicolae_vaults_shelves_hall, vaults_room_corners, uniq_margery,
          uniq_saint_roka
Vaults:5: serial_shops
Depths:1: enter_ziggurat_c, hell_entry, kennysheep_another_room, tgw_xom,
          uniq_mara
Depths:2: evilmike_hourglass, minmay_misc_feat_tiny, hangedman_geh_valley,
          serial_bayou_shore_a, infiniplex_staircase_river
Depths:3: kennysheep_big_flooded_room, hangedman_decor_lopped,
          grunt_pan_entry_spiral, hell_entry, marbit_kobold_abyss_entry,
          minmay_misc_feat_iff, uniq_enchantress
Depths:4: hangedman_surveillance_ring, abyss_entry, serial_shops,
          nicolae_shop_waterfront, grunt_hell_entry_dis_mu,
          roderic_serpentine_path, not_door_vault_mu
Depths:5: grunt_crosshair, hell_entry, grunt_pan_entry_zigzag,
          dk_noncrumbling_4, uniq_xtahua
Zot:2:    hangedman_zot_decor_slant, hangedman_zot_diagonal_lockstep
Zot:4:    hangedman_zot_vaults_quadrants
Zot:5:    st_stairs_10, uniq_tiamat
Abyss:2:  bh_abyss_negative
Abyss:3:  evilmike_abyss_exit_9, minivault_24
Abyss:5:  serial_sigils_hangedman_quiver, evilmike_abyss_rune_siren_acolytes,
          evilmike_abyss_exit_13, hangedman_abyss_or_decor_lesser_grid
Lab:      labyrinth_mini_lab, nicolae_lab_dead_end, labyrinth_glass_1,
          nicolae_lab_swirl, nicolae_lab_statue, labyrinth_skeletal_remains,
          nicolae_lab_diamond, nicolae_lab_x, nicolae_lab_very_dead_end
Bazaar:   bazaar_jpeg_ninerooms_2
IceCv:    ice_cave_small_necro

Skill      XL: |  1  2  3  4  5  6  7  8  9 10 11 12 13 14 15 16 17 18 19 20 21 22 23 24 25 26 27 |
---------------+----------------------------------------------------------------------------------+-----
Maces & Flails | 3 4 5 6 7 9 10 11 13 14 16 | 16.0
Fighting       | 4 6 8 9 10 12 13 14 15 17 18 20 23 | 23.3
Armour         | 4 6 8 9 10 11 12 14 16 17 18 20 23 | 23.1
Shields        | 4 6 8 9 10 13 15 16 17 24 | 24.3
Invocations    | 7 |  7.0
Dodging        | 8 11 15 | 15.4
Evocations     | 1 7 10 12 14 15 16 | 16.0
Throwing       | 7 10 11 15 17 | 17.0
Air Magic      | 1 |  1.7
Charms         | 1 |  1.2

Action                   |  1- 3 |  4- 6 |  7- 9 | 10-12 | 13-15 | 16-18 | 19-21 | 22-24 | 25-27 || total
-------------------------+-------+-------+-------+-------+-------+-------+-------+-------+-------++-------
Melee: Flail             |   159 |   225 |   278 |   910 |   340 |       |       |       |       ||  1912
       Whip              |       |       |     6 |       |       |       |       |       |       ||     6
       Demon whip        |       |       |       |       |   327 |       |       |       |       ||   327
       Unarmed           |       |       |       |       |     3 |       |       |       |       ||     3
       Morningstar       |       |       |       |       |  1399 |   780 |       |       |       ||  2179
       Eveningstar       |       |       |       |       |       |   474 |  1101 |  1492 |  3761 ||  6828
Throw: Tomahawk          |       |       |     2 |    13 |     6 |    53 |    11 |       |    93 ||   178
       Throwing net      |       |       |       |     2 |     1 |       |       |       |       ||     3
       Javelin           |       |       |       |       |       |    46 |    75 |   170 |   211 ||   502
Invok: Heroism           |       |       |       |     6 |    12 |     3 |     2 |     5 |     6 ||    34
       Finesse           |       |       |       |       |     3 |       |     1 |     2 |     4 ||    10
 Abil: Fly               |       |       |       |       |     1 |       |       |       |       ||     1
Evoke: Wand              |       |       |       |     1 |     5 |       |       |     6 |    20 ||    32
       Rod               |       |       |       |       |    10 |    73 |    52 |    39 |    70 ||   244
  Use: Potion            |       |     4 |     1 |     2 |     3 |     1 |     2 |     4 |    17 ||    34
       Scroll            |       |       |       |    12 |    13 |    26 |    11 |    12 |    18 ||    92
 Stab: Held in net/web   |       |       |       |       |     1 |       |       |       |       ||     1
       Petrified         |       |       |       |       |     3 |       |       |       |       ||     3
       Distracted        |       |       |       |       |     1 |     1 |       |     1 |     4 ||     7
       Confused          |       |       |       |       |       |    12 |       |       |       ||    12
       Petrifying        |       |       |       |       |       |       |       |       |     2 ||     2
  Eat: Chunk             |    11 |     9 |    10 |    35 |    57 |    57 |    38 |    21 |    45 ||   283
       Meat ration       |       |       |       |       |       |     1 |     1 |     1 |     4 ||     7
       Bread ration      |       |       |       |       |       |     1 |     1 |     4 |    12 ||    18
       Fruit             |       |       |       |       |       |       |     4 |       |       ||     4
       Royal jelly       |       |       |       |       |       |       |     1 |     1 |     2 ||     4
       Pizza             |       |       |       |       |       |       |       |     1 |     1 ||     2
       Beef jerky        |       |       |       |       |       |       |       |     1 |       ||     1
Armor: Scale mail        |    11 |    20 |   119 |   376 |   809 |   126 |       |       |       ||  1461
       Plate armour      |   112 |   148 |       |       |       |   420 |   424 |   842 |       ||  1946
       Crystal plate arm |       |       |       |       |       |       |    28 |     4 |  1877 ||  1909
Dodge: Dodged            |    28 |    53 |    78 |   206 |   879 |   393 |   269 |   639 |  1609 ||  4154
Block: Shield            |    91 |   111 |   117 |   373 |  1438 |  1099 |   812 |  1037 |  2925 ||  8003
       Reflection        |       |       |       |       |    48 |   148 |   130 |    93 |   101 ||   520
